AoeStats
← pedrogragui

Black Forest

510167399Analyzed
2v2 RM · 2d ago on Sep 29, 2026· 141m 10s· 4 players
Game mode
Random Map
Map size
Medium (4 player)
Population
200
Speed
Normal
Resources
Standard
Victory
Conquest
Starting age
Dark Age
Ending age
Imperial Age
RankedLock teamsTeams togetherTeam positionsShared explorationLock speedFull tech treeHidden civsTurbo modeCheats
Victory
Defeat
🇺🇸 Franks · United States
604
+12
🇮🇪 Spanish · Ireland
488
+18
🇺🇸 Cumans · United States
518
-15
🇺🇸 Armenians · United States
517
-15
CameNYouxoxo
0:27 Loom
15:48 Feudal Age
16:52 Double-Bit Axe
19:19 Horse Collar
30:32 Wheelbarrow
34:52 Castle Age
41:47 Capped Ram
45:53 Pikeman
50:32 Imperial Age
59:12 Cuman Mercenaries
63:47 Cuman Mercenaries
69:26 Halberdier
72:00 Scale Barding Armor
72:06 Forging
71:57 Scale Mail Armor
84:51 Bow Saw
84:07 Light Cavalry
89:28 Bloodlines
89:30 Hussar
100:44 Chain Mail Armor
109:37 Chain Barding Armor
109:52 Iron Casting
110:45 Two-Man Saw
110:05 Hand Cart
112:09 Squires
112:50 Plate Barding Armor
112:49 Plate Mail Armor
versus917
0:34 Loom
23:24 Feudal Age
23:29 Man-at-Arms
24:16 Long Swordsman
25:52 Horse Collar
27:17 Double-Bit Axe
46:00 Castle Age
44:34 Forging
44:25 Scale Mail Armor
44:17 Fletching
46:22 Padded Archer Armor
48:48 Wheelbarrow
48:12 Two-Handed Swordsman
49:34 Squires
49:20 Gambesons
49:22 Arson
53:50 Imperial Age
52:46 Heavy Plow
53:01 Bow Saw
52:44 Gold Mining
53:57 Elite Composite Bowman
54:59 Conscription
54:41 Champion
55:42 Leather Archer Armor
63:31 Fereters
64:07 Hoardings
69:49 Gold Shaft Mining
69:08 Stone Mining
71:01 Iron Casting
70:22 Bodkin Arrow
70:58 Ring Archer Armor
70:44 Chain Mail Armor
77:48 Ballistics
77:20 Guard Tower
77:27 Murder Holes
77:45 Fortified Wall
77:47 Masonry
77:19 Treadmill Crane
78:41 Chemistry
77:54 Scale Barding Armor
78:51 Blast Furnace
78:24 Plate Mail Armor
77:55 Bracer
90:46 Hand Cart
98:03 Pikeman
110:17 Scale Barding Armor
110:38 Bombard Tower
jswag official
0:33 Loom
14:31 Feudal Age
15:39 Double-Bit Axe
23:24 Castle Age
31:35 Caravan
32:07 Coinage
32:38 Wheelbarrow
31:53 Town Watch
47:36 Imperial Age
46:19 Light Cavalry
47:01 Husbandry
49:20 Banking
49:07 Bow Saw
48:23 Cavalier
50:00 Conscription
52:41 Elite Throwing Axeman
56:33 Scale Barding Armor
56:39 Forging
56:30 Scale Mail Armor
56:31 Padded Archer Armor
56:22 Fletching
58:46 Ballistics
59:14 Paladin
68:12 Iron Casting
67:57 Chain Mail Armor
68:04 Chain Barding Armor
68:01 Leather Archer Armor
67:43 Bodkin Arrow
69:18 Chemistry
68:25 Siege Engineers
68:07 Arrowslits
70:52 Hand Cart
76:37 Chivalry
94:38 Plate Barding Armor
95:15 Blast Furnace
110:05 Onager
113:49 Plate Mail Armor
138:12 Town Patrol
138:14 Spies/Treason
pedrogragui
0:27 Loom
18:47 Feudal Age
20:16 Wheelbarrow
19:30 Double-Bit Axe
30:12 Castle Age
30:27 Horse Collar
33:26 Bow Saw
34:17 Coinage
33:48 Caravan
36:13 Heavy Plow
36:12 Stone Mining
38:33 Hand Cart
38:59 Forging
38:52 Scale Mail Armor
38:36 Man-at-Arms
39:01 Gambesons
39:17 Squires
38:50 Man-at-Arms
39:16 Gambesons
39:32 Squires
39:49 Long Swordsman
40:38 Long Swordsman
41:56 Iron Casting
41:37 Chain Mail Armor
47:27 Arson
55:24 Imperial Age
57:14 Guilds
57:34 Banking
60:55 Blast Furnace
60:26 Plate Mail Armor
62:30 Chemistry
61:51 Ballistics
64:17 Two-Handed Swordsman
66:54 Masonry
66:30 Arrowslits
66:36 Guard Tower
66:57 Fortified Wall
67:10 Bombard Tower
70:15 Architecture
86:15 Murder Holes
86:12 Guard Tower
93:43 Elite Conquistador
94:53 Supremacy
95:10 Hoardings
95:03 Conscription
94:45 Inquisition
94:15 Sappers
95:29 Keep
97:50 Scale Barding Armor
102:20 Chain Barding Armor
121:27 Two-Man Saw
120:05 Cavalier
120:46 Husbandry
120:57 Bloodlines
120:07 Light Cavalry
122:30 Redemption
122:45 Sanctity
122:32 Devotion
123:09 Heresy
123:34 Theocracy
123:17 Atonement
123:31 Fervor
123:49 Illumination
123:42 Block Printing
123:30 Herbal Medicine
124:10 Paladin
126:49 Champion
126:54 Onager
Connection lost

Rejoining the realm…

Still unreachable

The connection could not be restored.

Session expired

The server has moved on; the page needs a fresh start.